 Dungeon Sprint DCSS version 0.19.1 (webtiles) character file.

1215 equalderp2856 the Ripper (level 8, 0/40 HPs)
             Began as a Felid Fighter on Dec 1, 2016.
             Was an Initiate of Gozag.
             Succumbed to a death knight's poison
             ... in the Dungeon (Sprint IX: "|||||||||||||||||||||||||||||").
             The game lasted 00:03:45 (2149 turns).

equalderp2856 the Ripper (Felid Fighter)            Turns: 2149, Time: 00:03:46

Health: 0/40       AC:  2    Str: 13    XL:     8   Next: 22%
Magic:  9/9        EV: 30    Int: 13    God:    Gozag
Gold:   1350       SH:  0    Dex: 17    Spells: 0 memorised, 7 levels left
                                        Lives:  0   Deaths: 2

rFire  . . .     SeeInvis +       - Unarmed
rCold  . . .     Gourm    .     (armour unavailable)
rNeg   . . .     Faith    .     (shield unavailable)
rPois  .         Spirit   .     (helmet unavailable)
rElec  .         Reflect  .     (cloak unavailable)
rCorr  .         Harm     .     (gloves unavailable)
MR     +....     NoTele   +     (boots unavailable)
Stlth  +++++.....               (no amulet)
                                m - +2 ring of evasion
                                n - +3 ring of intelligence

@: lethally poisoned (0 -> -7), quick
A: no armour, no weapons or thrown items, stealth, claws 1, fangs 3, see
invisible, carnivore 3, speed 1, shaggy fur 2, slow metabolism 1, sharp paws
a: Potion Petition, Call Merchant, Bribe Branch, Renounce Religion


You were in the Dungeon.
You worshipped Gozag.
Gozag was most pleased with you.
You were not hungry.

You visited 1 branch You collected 1350 gold pieces.

Inventory:

Jewellery
 m - a +2 ring of evasion (right paw)
 n - a +3 ring of intelligence (left paw)
Wands
 l - a wand of acid (7/15)
Scrolls
 h - 2 scrolls of blinking
 j - 3 scrolls of remove curse
 k - 2 scrolls of amnesia
Potions
 a - a potion of might
 c - 6 potions of curing
 d - 3 potions of heal wounds
 e - a potion of haste
 f - 4 potions of magic
 i - a potion of invisibility
Comestibles
 b - 13 meat rations


   Skills:
 + Level 7.9 Fighting
 + Level 12.2 Dodging
 + Level 10.4 Stealth
 + Level 16.2 Unarmed Combat


You had 7 spell levels left.
You didn't know any spells.

Dungeon Overview and Level Annotations

Branches:
Dungeon (1/1)

Altars:
Cheibriados
Dithmenos
Elyvilon
Fedhas
Gozag
Hepliaklqana
Kikubaaqudgha
Makhleb
Nemelex Xobeh
Okawaru
Qazlal
Ru
Sif Muna
Trog
Uskayaw
Vehumet
Xom
Yredelemnul
Zin
The Shining One
Beogh
Jiyva
Lugonu


Innate Abilities, Weirdness & Mutations

You cannot wear armour.
You are incapable of wielding weapons or throwing items.
Your paws allow you to move quietly. (Stealth)
You have sharp claws.
You have razor-sharp teeth.
You have supernaturally acute eyesight. (SInv)
You are carnivorous and can eat meat at any time.
You cover ground quickly.
You are covered in thick fur. (AC +2)
You have a slow metabolism.
Your sharp claws are effective at attacking unaware monsters.


Message History

There is a glowing golden altar of the Shining One here.
You claw the death knight!
The death knight is lightly wounded.
The death knight reflects your damage back at you!
You scratch the death knight.
The death knight is moderately wounded.
The death knight reflects your damage back at you!
The death knight closely misses you.
You closely miss the death knight. You claw the death knight!
The death knight is moderately wounded.
The death knight reflects your damage back at you!
The death knight hits you with a battleaxe of venom!
* * * LOW HITPOINT WARNING * * *
You are lethally poisoned!
You claw the death knight!
The death knight is heavily wounded.
The death knight reflects your damage back at you!
* * * LOW HITPOINT WARNING * * *
You die...
Your body crumbles into a pile of gold. $$$ $ $ $ $$$$$ $$$$$$$$$$$$ $$$$

▓▓▓▓▓▓▓▓▓▓▓▓▓▓▓▓▓▓▓▓▓▓▓▓▓▓▓▓▓▓▓▓▓
.............)$...o..............
▓▓▓▓▓▓▓▓▓▓▓▓▓▓▓▓▓▓▓▓▓▓▓▓▓▓▓▓▓▓▓▓▓
%'$$??.Y.Y.YY
▓▓▓▓▓▓▓▓▓▓▓▓▓▓▓▓▓▓▓▓▓▓▓▓▓▓▓▓▓
.............................
▓▓▓▓▓▓▓▓▓▓▓▓▓▓▓▓▓▓▓▓▓▓▓▓▓▓▓▓▓▓▓▓▓
....').[[[)|..'.@p_______________
▓▓▓▓▓▓▓▓▓▓▓▓▓▓▓▓▓▓▓▓▓▓▓▓▓▓▓▓▓▓▓▓▓


You could see a death knight.

Vanquished Creatures
  3 elephants (D)
  Psyche (D)
  A hippogriff (D)
  2 shadows (D)
  An ice beast (D)
  A sky beast (D)
  2 orc warriors (D)
  An eye of draining (D)
  An ogre (D)
  A crimson imp (D)
  A hound (D)
  An orc priest (D)
  2 orc wizards (D)
  An iguana (D)
  A worker ant (D)
  A leopard gecko (D)
  4 orcs (D)
  A bat (D)
  A giant cockroach (D)
  A hobgoblin (D)
  A jackal (D)
  A kobold (D)
  A leopard gecko zombie (D)
  A rat (D)
32 creatures vanquished.

Notes
Turn   | Place    | Note
-------+----------+-------------------------------------------
     0 | D        | equalderp2856 the Felid Fighter began the quest for the Orb.
     0 | D        | Reached XP level 1. HP: 10/10 MP: 2/2
    22 | D        | Noticed an iguana
    22 | D        | Noticed a crimson imp
    22 | D        | Noticed a hound
    31 | D        | Killed a hound
    31 | D        | Reached skill level 5 in Dodging
    31 | D        | Reached skill level 1 in Stealth
    31 | D        | Reached skill level 6 in Unarmed Combat
    31 | D        | Reached XP level 2. HP: 8/15 MP: 3/3
    31 | D        | Reached XP level 3. HP: 10/18 MP: 4/4
   256 | D        | Reached skill level 7 in Unarmed Combat
   256 | D        | Reached XP level 4. HP: 6/22 MP: 5/5
   429 | D        | Found a roughly hewn altar of Beogh.
   429 | D        | Found a snail-covered altar of Cheibriados.
   429 | D        | Found a shadowy altar of Dithmenos.
   429 | D        | Found a white marble altar of Elyvilon.
   429 | D        | Found a blossoming altar of Fedhas.
   429 | D        | Found an opulent altar of Gozag.
   430 | D        | Found a hazy altar of Hepliaklqana.
   431 | D        | Found a viscous altar of Jiyva.
   432 | D        | Found an ancient bone altar of Kikubaaqudgha.
   433 | D        | Found a corrupted altar of Lugonu.
   434 | D        | Found a burning altar of Makhleb.
   435 | D        | Found a sparkling altar of Nemelex Xobeh.
   436 | D        | Found an iron altar of Okawaru.
   437 | D        | Found a stormy altar of Qazlal.
   439 | D        | Became a worshipper of Gozag Ym Sagoz the Greedy
   441 | D        | Found a sacrificial altar of Ru.
   442 | D        | Found a deep blue altar of Sif Muna.
   443 | D        | Found a bloodstained altar of Trog.
   444 | D        | Found a hide-covered altar of Uskayaw.
   445 | D        | Found a radiant altar of Vehumet.
   446 | D        | Found a shimmering altar of Xom.
   447 | D        | Found a basalt altar of Yredelemnul.
   448 | D        | Found a glowing silver altar of Zin.
   449 | D        | Found a glowing golden altar of the Shining One.
   476 | D        | Noticed an ice beast
   476 | D        | Noticed a hippogriff
   476 | D        | Noticed an eye of draining
   483 | D        | Killed an eye of draining
   483 | D        | Reached skill level 5 in Fighting
   483 | D        | Reached skill level 9 in Unarmed Combat
   483 | D        | Reached XP level 5. HP: 25/26 MP: 2/6
   719 | D        | Killed a hippogriff
   719 | D        | Reached skill level 11 in Unarmed Combat
   719 | D        | Gained mutation: You are covered in thick fur. (AC +2) [Felid growth]
   719 | D        | Reached XP level 6. HP: 18/31 MP: 7/7
  1099 | D        | Killed an ice beast
  1145 | D        | Noticed a shadow
  1145 | D        | Noticed a death knight
  1145 | D        | Noticed a shadow
  1145 | D        | Noticed a sky beast
  1150 | D        | Killed a sky beast
  1150 | D        | Reached skill level 12 in Unarmed Combat
  1150 | D        | Reached XP level 7. HP: 35/35 MP: 8/8
  1153 | D        | Reached skill level 10 in Dodging
  1162 | D        | Killed a shadow
  1168 | D        | Killed by mirror damage
  1169 | D        | Reached XP level 6. HP: -7/46 MP: 7/7
  1181 | D        | Noticed an elephant
  1181 | D        | Noticed an elephant
  1182 | D        | Noticed an elephant
  1183 | D        | Noticed an elephant
  1184 | D        | Noticed an elephant
  1185 | D        | Noticed an elephant
  1186 | D        | Noticed an elephant
  1448 | D        | Noticed Psyche
  1455 | D        | Killed Psyche
  1455 | D        | Reached skill level 13 in Unarmed Combat
  1455 | D        | Reached XP level 7. HP: 36/36 MP: 8/8
  1601 | D        | Reached skill level 14 in Unarmed Combat
  1661 | D        | Noticed an orc knight
  1863 | D        | Killed an elephant
  1863 | D        | Reached XP level 8. HP: 28/40 MP: 9/9
  1879 | D        | Killed an elephant
  1879 | D        | Reached skill level 10 in Stealth
  1879 | D        | Reached skill level 15 in Unarmed Combat
  2043 | D        | Killed an elephant
  2043 | D        | Reached skill level 16 in Unarmed Combat
  2043 | D        | Reached XP level 9. HP: 23/44 MP: 10/10
  2075 | D        | Killed from afar by an orc priest
  2076 | D        | Reached XP level 8. HP: -3/40 MP: 9/9
  2149 | D        | HP: 1/40 [mirror damage (6)]
  2149 | D        | Succumbed to a death knight's poison

Skill      XL: |  1  2  3  4  5  6  7  8 |
---------------+-------------------------+-----
Fighting       | 4 5 6 7 |  7.9
Dodging        | 5 6 7 9 11 12 | 12.2
Stealth        | 1 3 4 6 8 9 10 | 10.4
Unarmed Combat | 6 7 9 11 13 14 16 | 16.2

Action                   |  1- 3 |  4- 6 |  7- 9 || total
-------------------------+-------+-------+-------++-------
Melee: Unarmed           |    59 |    43 |    68 ||   170
       Bite              |     5 |     6 |    12 ||    23
       Punch             |       |     6 |     8 ||    14
  Use: Potion            |       |       |     1 ||     1
 Stab: Sleeping          |     2 |     2 |       ||     4
       Distracted        |       |       |     1 ||     1
Armor: Skin              |     3 |     1 |       ||     4
Dodge: Dodged            |    49 |    30 |    49 ||   128
